 Dungeon Crawl Stone Soup version 0.30-a0-459-g9104f0fc43 (webtiles) character file.

Game seed: 3537731915756882045

11 M4edhros the Sneak (level 2, -2/21 HPs)
             Began as an Octopode Delver on Dec 15, 2022.
             Slain by a gnoll bouda
             ... wielding a +0 club
              (3 damage)
             ... on level 5 of the Dungeon.
             The game lasted 00:00:14 (39 turns).

M4edhros the Sneak (Octopode Delver)                  Turns: 39, Time: 00:00:15

Health: -2/21      AC:  1    Str: 11    XL:     2   Next: 25%
Magic:  2/2        EV: 13    Int: 12    God:
Gold:   0          SH:  0    Dex: 13    Spells: 1/1 levels left

rFire   . . .      SeeInvis .      - Unarmed
rCold   . . .      Faith    .    (no shield)
rNeg    . . .      Spirit   .    (helmet restricted)
rPois   .          Reflect  .    (no amulet)
rElec   .          Harm     .    (no ring)
rCorr   .          Rampage  .    (no ring)
Will    .....                    (no ring)
Stlth   ++++......               (no ring)
HPRegen 0.23/turn                (no ring)
MPRegen 0.08/turn                (no ring)
                                 (no ring)
                                 (no ring)

@: no status effects
A: almost no armour, amphibious, 8 rings, camouflage 1, gelatinous body 1,
(nimble swimmer 1), tentacles
a: no special abilities


You were on level 5 of the Dungeon.
You visited 1 branch of the dungeon, and saw 1 of its levels.

Inventory:

Wands
 e - a wand of digging (3)
Scrolls
 a - a scroll of fog
 b - a scroll of magic mapping
 c - a scroll of fear
Potions
 d - a potion of haste


   Skills:
 - Level 3.0 Fighting
 * Level 2.4 Dodging
 + Level 6.8 Stealth
 + Level 2.2 Unarmed Combat


You had one spell level left.
You didn't know any spells.
Your spell library was empty.

Dungeon Overview and Level Annotations

Branches:
Dungeon (5/15)
 Temple: D:4-7

Altars:
Elyvilon


Innate Abilities, Weirdness & Mutations

You cannot wear most types of armour.
You are amphibious.
You can wear up to eight rings at the same time.
Your skin changes colour to match your surroundings (Stealth+).
Your rubbery body absorbs attacks. (AC +1, EV +1)
((You are camouflaged when in or above water. (Stealth+)))
You have tentacles for arms and can constrict up to eight enemies at once.


Message History

You open the door.
Found a white marble altar of Elyvilon.
There is an open door here.
There is a white marble altar of Elyvilon here.
You open the door.
There is an open door here.
An adder comes into view.
An orc comes into view. It is wielding a +0 club.
The adder hisses angrily.
You closely miss the adder. You grab the adder. You constrict the adder.
The adder completely misses you.
You tentacle-slap the adder. Your squeeze misses the adder.
The adder is moderately wounded.
You constrict the adder. The adder misses you.
You tentacle-slap the adder.
The adder is almost dead.
You constrict the adder.
You kill the adder!
You have reached level 2!
You see here an adder corpse.
Found 10 gold pieces.
A gnoll bouda comes into view. It is wielding a +0 club.
The helpless orc fails to defend itself.
You tentacle-slap the orc. You grab the orc.
The orc is severely wounded.
You constrict the orc. The orc barely misses you.
You tentacle-slap the orc.
You kill the orc!
You closely miss the gnoll bouda. You grab the gnoll bouda.
You constrict the gnoll bouda, but do no damage.
The gnoll bouda hits you with a +0 club!
You barely miss the gnoll bouda. You squeeze the gnoll bouda.
The gnoll bouda is moderately wounded.
You constrict the gnoll bouda.
The gnoll bouda hits you with a +0 club!
* * * LOW HITPOINT WARNING * * *
You release your grip on the gnoll bouda.
The gnoll bouda attacks as you move away!
The gnoll bouda hits you with a +0 club.
You die...

#.............##
####.........#
#..#...#...#
###.###.###..#
#.†...### ..#
#.#.###.## ....
#.#.#..#..$# .#.
#........#
..##....@##
#.#...g.#
+.....###
#.#.... #.##....
# #...# #..##
...#


You could see a gnoll bouda.

Vanquished Creatures
  An adder (D:5)
  An orc (D:5)
2 creatures vanquished.

Notes
Turn   | Place    | Note
-------+----------+-------------------------------------------
     0 | D:5      | M4edhros the Octopode Delver began the quest for the Orb.
     0 | D:5      | Reached XP level 1. HP: 16/16 MP: 1/1
     1 | D:5      | Found a white marble altar of Elyvilon.
    28 | D:5      | Reached XP level 2. HP: 21/21 MP: 2/2
    38 | D:5      | HP: 1/21 [gnoll bouda/+0 club (10)]
    39 | D:5      | Slain by a gnoll bouda

Illustrated notes

Levels and vault maps discovered:
D:5:      layout_loops_corners, nicolae_vehumet_altar_sigil,
          lemuel_mausoleum_altar_yredelemnul,
          mainiacjoe_overflow_surrounded_room, minmay_between

Action                   || total
-------------------------++-------
Melee: Unarmed           ||     7
       Constrict         ||     3
       Tentacles         ||     1
 Stab: Sleeping          ||     1
Dodge: Dodged            ||     3

Table legend: (Time is in decaauts)
 A = Elapsed time spent in this place.
 B = Non-inter-level travel time spent in this place.
 C = Inter-level travel time spent in this place.
 D = Time resting spent in this place.
 E = Time spent auto-exploring this place.
 F = Levels seen in this place.
 G = Mean time per level.
                   A        B        C        D        E       F      G
               +--------+--------+--------+--------+--------+-----+--------+
         Total |     38 |     38 |      0 |      0 |      0 |   1 |   38.0 |
       Dungeon |     38 |     38 |      0 |      0 |      0 |   1 |   38.0 |
               +--------+--------+--------+--------+--------+-----+--------+

Top non-repeatable levels by time:
     D:5: 38 daAuts
